Map: Blackrock LE

Players

Manhasora

  • Race: Zerg Zerg
  • League: Diamond

MicroMacro - Winner!

  • Race: Zerg Zerg
  • League: Master

VOD

Have the link to the VOD?

Description

Time

  • Played on: June 27, 2026, 1:52 a.m.
  • Length: 7:17
Show
View Real Time Build Order
Export as new Build Order

Manhasora Zerg 

Build Orders: Pool First 

Get SALT Encoding   

  8  0:02  Drone  
  9  0:10  Drone  
  10  0:16  Drone  
  11  0:23  Drone  
  12  0:31  Extractor, Drone  
  13  0:45  Overlord  
  13  1:01  Spawning Pool  
  12  1:12  Drone  
  12  1:13  Drone x2  
  15  1:23  Drone  
  16  1:46  Hatchery  
  15  1:50  Zergling x4  
  18  1:54  Zergling x2  
  19  2:08  Drone  
  19  2:09  Extractor  
  19  2:10  Drone  
  19  2:20  Drone  
  20  2:33  Overlord  
  19  2:51  Queen  
  20  2:57  Drone x2  
  22  3:05  Queen  
  24  3:09  Drone x4  
  28  3:28  Overlord  
  28  3:32  Metabolic Boost  
  28  3:38  Zergling x8  
  28  3:40  Overlord  
  32  3:50  Queen  
  34  3:55  Drone  
  34  3:56  Drone x2  
  37  4:09  Drone  
  38  4:10  Baneling Nest  
  38  4:14  Drone x3  
  38  4:17  Overlord  
  40  4:32  Queen  
  42  4:40  Drone x6  
  42  4:41  Extractor  
  47  5:03  Drone x3  
  47  5:04  Roach Warren  
  47  5:06  Lair  
  47  5:07  Drone x2  
  51  5:12  Extractor  
  50  5:14  Evolution Chamber  
  50  5:16  Zergling x10  
  45  5:44  Drone  
  45  5:45  Drone  
  45  5:46  Drone x3  
  45  5:47  Drone  
  51  5:54  Drone  
  51  5:55  Drone x2, Evolution Chamber  
  53  6:06  Hatchery  
  53  6:11  Queen  
  54  6:13  Hatchery, Overlord  
  54  6:14  Overlord  
  50  6:19  Zergling x8  
  54  6:31  Zergling x10  
  54  6:32  Zergling x2  
  55  6:38  Baneling x4  
  50  6:41  Zergling x4  
  52  6:47  Roach  
Show
View Real Time Build Order
Export as new Build Order

MicroMacro Zerg - Winner!

Build Orders: Pool First 

Get SALT Encoding   

  8  0:00  Drone  
  9  0:10  Drone  
  10  0:16  Drone  
  11  0:27  Overlord  
  11  0:33  Drone  
  12  0:45  Drone x2  
  12  0:49  Drone  
  15  0:59  Drone  
  16  1:08  Spawning Pool  
  15  1:12  Drone  
  16  1:18  Drone  
  17  1:28  Drone  
  18  1:37  Overlord  
  18  1:50  Drone  
  19  2:00  Queen  
  21  2:02  Hatchery  
  21  2:05  Zergling x2  
  21  2:10  Extractor  
  21  2:11  Drone  
  21  2:16  Zergling x2  
  22  2:27  Drone  
  23  2:36  Queen, Drone  
  24  2:52  Zergling x2  
  24  2:54  Overlord  
  25  3:04  Drone  
  26  3:12  Metabolic Boost  
  26  3:19  Zergling x2  
  28  3:20  Zergling x4  
  28  3:22  Zergling x2  
  30  3:30  Overlord, Drone  
  31  3:35  Drone x2  
  31  3:39  Queen  
  35  3:44  Drone x2  
  37  3:49  Drone  
  37  3:50  Drone x4  
  37  3:53  Drone  
  43  3:59  Overlord  
  43  4:09  Evolution Chamber  
  42  4:11  Drone  
  43  4:18  Hatchery  
  43  4:20  Drone x2  
  43  4:23  Drone  
  45  4:26  Drone x2  
  47  4:35  Evolution Chamber  
  47  4:37  Zerg Ground Armor Level 1  
  47  4:38  Drone x3  
  49  4:47  Zergling x4  
  49  4:48  Zergling x2  
  49  4:50  Overlord  
  49  4:52  Overlord  
  52  5:00  Overlord  
  52  5:03  Zerg Melee Weapons Level 1  
  52  5:12  Drone  
  52  5:13  Drone, Zergling x8  
  58  5:16  Extractor  
  57  5:26  Drone x4  
  59  5:38  Zergling x10  
  59  5:42  Zergling x4  
  60  5:46  Lair  
  60  5:52  Zergling x8  
  60  5:53  Baneling Nest, Hatchery  
  60  5:54  Extractor  
  60  5:56  Zergling x4  
  63  5:58  Zergling x2  
  64  6:14  Zergling x2  
  64  6:15  Zergling x12  
  68  6:18  Drone  
  68  6:19  Drone x2  
  68  6:22  Zergling x2  
  68  6:23  Zergling x8  
  76  6:32  Zergling x2  
  76  6:36  Zergling x2  
  76  6:37  Baneling x3  
  76  6:46  Infestation Pit  
  74  6:48  Baneling  
  74  6:49  Baneling x2  
  74  6:51  Zergling x2  
  71  6:55  Zergling x6  
  71  6:57  Baneling  
  71  6:58  Baneling, Zergling x2  
Tags
 
Add a new tag
Caveats
  • Supply blocks, unpowered buildings, or Contaminate may cause inaccurate times.
  • Supply counts are checked every 10 seconds.